 Dungeon Crawl Stone Soup version 0.22.0-32-gbc6daba (webtiles) character file.

217 poirepourri the Magician (level 5, -2/35 HPs)
             Began as a Mummy Ice Elementalist on Aug 23, 2018.
             Slain by a sky beast (5 damage)
             ... on level 4 of the Dungeon.
             The game lasted 00:05:30 (4351 turns).

poirepourri the Magician (Mummy Ice Elementalist)   Turns: 4351, Time: 00:05:30

Health: -2/35      AC:  3    Str: 12    XL:     5   Next: 62%
Magic:  1/13       EV: 12    Int: 15    God:
Gold:   174        SH:  0    Dex: 12    Spells: 2/16 levels left

rFire    x . .     SeeInvis .   b - +1 short sword
rCold    + . .     Gourm    .   (no shield)
rNeg     + + +     Faith    .   a - +0 robe
rPois    ∞         Spirit   .   g - +0 helmet
rElec    .         Reflect  .   (no cloak)
rCorr    .         Harm     .   (no gloves)
MR       .....                  (no boots)
Stlth    ++........             (no amulet)
HPRegen  0.11/turn              (no ring)
MPRegen  0.13/turn              (no ring)

@: very slightly contaminated
A: no food or potions, fire vulnerability, cold resistance 1, negative energy
resistance 3, torment resistance, unbreathing
a: no special abilities


You were on level 4 of the Dungeon.
You were not hungry.

You visited 1 branch of the dungeon, and saw 4 of its levels.

You collected 174 gold pieces.

Inventory:

Hand Weapons
 b - a +1 short sword (weapon)
Armour
 a - a +0 robe (worn)
 f - a +2 buckler
 g - a +0 helmet (worn)
Scrolls
 c - 3 scrolls of identify
 e - 2 scrolls of remove curse
 h - a scroll of blinking


   Skills:
 - Level 1.5 Dodging
 - Level 1.5 Stealth
 - Level 6.1 Spellcasting
 + Level 2.7 Conjurations
 - Level 2.4 Ice Magic


You had 2 spell levels left.
You knew the following spells:

 Your Spells              Type           Power        Failure   Level  Hunger
a - Freeze                Ice            ##..         5%          1    N/A
b - Throw Frost           Conj/Ice       ##....       8%          2    N/A
c - Ozocubu's Armour      Chrm/Ice       #.......     26%         3    N/A
d - Throw Icicle          Conj/Ice       ##......     45%         4    N/A
e - Summon Ice Beast      Ice/Summ       #.......     65%         4    N/A

Your spell library contained the following spells:

 Spells                   Type           Power        Failure   Level  Hunger


Dungeon Overview and Level Annotations

Branches:
Dungeon (4/15)
 Temple: D:4-7

Altars:
Nemelex Xobeh
Yredelemnul


Innate Abilities, Weirdness & Mutations

You do not eat or drink.
Your flesh is vulnerable to fire.
You are immune to poison.
Your flesh is cold resistant. (rC+)
You are immune to negative energy. (rN+++)
You are immune to unholy pain and torment.
You can survive without breathing.


Message History

* * * LOW HITPOINT WARNING * * *
Casting: Freeze (safe; 5% risk of failure)
Confirm with . or Enter, or press ? or * to list all spells.
Aiming: Throw Icicle (quite dangerous; 45% risk of failure)
Press: ? - help, Shift-Dir - straight line, f/p - sky beast
Aim: a sky beast (heavily wounded)
The shard of ice hits the sky beast.
The sky beast is severely wounded.
The sky beast hits you but does no damage.
Casting: Throw Icicle (quite dangerous; 45% risk of failure)
Confirm with . or Enter, or press ? or * to list all spells.
Aiming: Throw Icicle (quite dangerous; 45% risk of failure)
Press: ? - help, Shift-Dir - straight line, f/p - sky beast
Aim: a sky beast (severely wounded)
You miscast Throw Icicle.
You are very lightly contaminated with residual magic.
You feel a strange surge of energy! The sky beast hits you.
* * * LOW HITPOINT WARNING * * *
The sky beast shocks you.
You die...

## #######.## .###
#...#...# ...#####.#...#.#
.............#.# ###
.......#.#.#.#.# ....
...............####..# .
....................# .#
#......#.........#### .#
...........###(.@Y..##.#
................###....###
.......###......§§§#§......
#.......§§§§§.....
........§§§§§......
##......#§.§§......
#...#.............
...#...........[...
.####.......(......


You could see a sky beast.

Vanquished Creatures
  An orc priest (D:3)
  An orc wizard (D:4)
  A worker ant (D:4)
  5 adders (D:2)
  3 oozes
  2 dart slugs (D:2)
  3 leopard geckos
  3 orcs
  A giant cockroach (D:1)
  7 hobgoblins
  8 jackals
  10 kobolds
  2 quokkas
  A ball python (D:1)
  6 bats
  6 frilled lizards
  7 goblins
  5 rats
72 creatures vanquished.

Notes
Turn   | Place    | Note
-------+----------+-------------------------------------------
     0 | D:1      | poirepourri the Mummy Ice Elementalist began the quest for the Orb.
     0 | D:1      | Reached XP level 1. HP: 13/13 MP: 4/4
    76 | D:1      | Reached skill level 3 in Spellcasting
   327 | D:1      | Reached XP level 2. HP: 19/19 MP: 1/6
   961 | D:1      | Reached skill level 4 in Spellcasting
  1079 | D:1      | Learned a level 2 spell: Throw Frost
  1248 | D:1      | Reached XP level 3. HP: 19/24 MP: 6/8
  1307 | D:1      | Learned a level 3 spell: Ozocubu's Armour
  2354 | D:2      | Reached skill level 5 in Spellcasting
  2503 | D:2      | Reached XP level 4. HP: 28/30 MP: 4/11
  2526 | D:2      | Learned a level 4 spell: Throw Icicle
  2531 | D:2      | Learned a level 4 spell: Summon Ice Beast
  3099 | D:2      | Reached skill level 6 in Spellcasting
  3501 | D:3      | Reached skill level 1 in Conjurations
  3832 | D:4      | Found a basalt altar of Yredelemnul.
  3838 | D:4      | Reached XP level 5. HP: 22/35 MP: 3/13
  4233 | D:4      | Found a sparkling altar of Nemelex Xobeh.
  4325 | D:4      | Noticed a sky beast
  4351 | D:4      | Slain by a sky beast

Skill      XL: |  1  2  3  4  5 |
---------------+----------------+-----
Spellcasting   | 3 4 5 6 |  6.1
Conjurations   | 1 2 |  2.7
Dodging        | |  1.5
Stealth        | |  1.5
Ice Magic      | |  2.4

Action                   |  1- 3 |  4- 6 || total
-------------------------+-------+-------++-------
Melee: Unarmed           |     6 |       ||     6
       Short sword       |    36 |    24 ||    60
 Cast: Freeze            |    67 |    53 ||   120
       Throw Frost       |    10 |    21 ||    31
       Throw Icicle      |       |     1 ||     1
  Use: Scroll            |     3 |     6 ||     9
Armor: Robe              |    17 |    22 ||    39
Dodge: Dodged            |    70 |    60 ||   130
